| TOP OF THE 1ST |
|
Minnesota Twins batting - Pitching for Detroit Tigers : LHP Adrian Hamilton
|
|
Pitching: LHP Adrian Hamilton
|
|
|
Batting: RHB Bobby Ayala
|
0-0: Foul Ball, location: 2F 0-1: Called Strike 0-2: Ball 1-2: Ball 2-2: SINGLE (Groundball, 6M, EV 99.4 MPH) (infield hit)
|
|
Batting: RHB Danny Anderson
|
0-0: Ball 1-0: Swinging Strike 1-1: Called Strike 1-2: Strikes out swinging
|
|
Batting: RHB Hildo Pot
|
0-0: Foul Ball, location: 2F 0-1: Ball 1-1: Ball 2-1: Fielders Choice at 2nd, 4-6 (Groundball, 34, EV 103.8 MPH)
|
|
Batting: RHB Matthew Starr
|
0-0: Ball Hildo Pot is caught stealing 2nd base 2-4
|
| Top of the 1st over - 0 runs, 1 hit, 0 errors, 0 left on base; Minnesota 0 - Detroit 0 |
| BOTTOM OF THE 1ST |
|
Detroit Tigers batting - Pitching for Minnesota Twins : RHP Mark Case
|
|
Pitching: RHP Mark Case
|
|
|
Batting: RHB Adrian Novakovic
|
0-0: Called Strike 0-1: Foul Ball, location: 2F 0-2: Strikes out swinging
|
|
Batting: RHB Dave Reynolds
|
0-0: Ball 1-0: Ball 2-0: Ball 3-0: Base on Balls
|
|
Batting: RHB Jim Zucco
|
0-0: Ball 1-0: DOUBLE (Flyball, 78D, EV 88.8 MPH) Dave Reynolds to third Runner from 3rd tries for Home, SAFE, throw by LF to home
|
|
Batting: RHB Greg Harman
|
0-0: Swinging Strike 0-1: Swinging Strike 0-2: SINGLE (Groundball, 25, EV 67.5 MPH) (infield hit) Jim Zucco to third
|
|
Batting: RHB Victor Quinones
|
0-0: Called Strike 0-1: Foul Ball, location: 2F 0-2: SINGLE (Groundball, 6D, EV 101.2 MPH) Jim Zucco scores Greg Harman to second
|
|
Pitching: LHP Neal Chauveau
|
|
|
Batting: RHB Ryan Neal
|
0-0: Ball 1-0: Called Strike 1-1: Fly out, F9 (Flyball, 89M, EV 86.9 MPH)
|
|
Batting: LHB Tyler Davis
|
0-0: Fly out, F7 (Flyball, 7, EV 81.2 MPH)
|
| Bottom of the 1st over - 2 runs, 3 hits, 0 errors, 2 left on base; Minnesota 0 - Detroit 2 |
| TOP OF THE 2ND |
|
Minnesota Twins batting - Pitching for Detroit Tigers : LHP Adrian Hamilton
|
|
Batting: RHB Matthew Starr
|
0-0: Ball 1-0: Called Strike 1-1: Swinging Strike 1-2: Ground out 4-3 (Groundball, 4, EV 95.6 MPH)
|
|
Batting: LHB Willis Robles
|
0-0: Ball 1-0: Ball 2-0: Ground out 4-3 (Groundball, 34D, EV 100.6 MPH)
|
|
Batting: RHB Danny Eberhart
|
0-0: Called Strike 0-1: Called Strike 0-2: Strikes out looking
|
| Top of the 2nd over - 0 runs, 0 hits, 0 errors, 0 left on base; Minnesota 0 - Detroit 2 |
| BOTTOM OF THE 2ND |
|
Detroit Tigers batting - Pitching for Minnesota Twins : LHP Neal Chauveau
|
|
Batting: RHB Luke Feeney
|
0-0: Called Strike 0-1: Swinging Strike 0-2: Foul Ball, location: 2F 0-2: Strikes out looking
|
|
Batting: LHB Brad Turner
|
0-0: Ball 1-0: Swinging Strike 1-1: Ball 2-1: Ball 3-1: Ground out U3 (Groundball, 3, EV 105.6 MPH)
|
|
Batting: RHB Adrian Novakovic
|
0-0: Ball 1-0: Ball 2-0: Called Strike 2-1: Foul Ball, location: 2F 2-2: Foul Ball, location: 2F 2-2: Ball 3-2: Foul Ball, location: 2F 3-2: Base on Balls
|
|
Batting: RHB Dave Reynolds
|
0-0: Ball 1-0: Called Strike 1-1: Ground out 4-3 (Groundball, 34S, EV 80.6 MPH)
|
| Bottom of the 2nd over - 0 runs, 0 hits, 0 errors, 1 left on base; Minnesota 0 - Detroit 2 |
| TOP OF THE 3RD |
|
Minnesota Twins batting - Pitching for Detroit Tigers : LHP Adrian Hamilton
|
|
Batting: RHB Mike Quackenbush
|
0-0: Ball 1-0: Swinging Strike 1-1: SINGLE (Groundball, 5S, EV 71.2 MPH) (infield hit)
|
|
Batting: LHB Alejandro Soriano
|
0-0: Ball 1-0: Ball 2-0: SINGLE (Line Drive, 6D, EV 102.5 MPH) Mike Quackenbush to second
|
|
Batting: RHB Doug Lane
|
0-0: Ball 1-0: Ball Passed Ball! Mike Quackenbush to third Alejandro Soriano to second 2-0: Foul Ball, location: 2F 2-1: Ball 3-1: Foul Ball, location: 2F 3-2: Fly out, F9 (Flyball, 9LS, EV 91.9 MPH)
|
|
Batting: RHB Bobby Ayala
|
0-0: Ball 1-0: Ball 2-0: Called Strike 2-1: DOUBLE (Flyball, 89D, EV 100.0 MPH) Mike Quackenbush scores Alejandro Soriano scores
|
|
Pinch Runner at 2nd Kevin Howard:
|
|
|
Batting: RHB Danny Anderson
|
0-0: Foul Ball, location: 2F 0-1: Ground out 5-3 (Groundball, 56S, EV 90.6 MPH)
|
|
Batting: RHB Hildo Pot
|
0-0: Ball 1-0: Ball 2-0: SINGLE (Line Drive, 89M, EV 98.1 MPH) Kevin Howard to third Runner from 3rd tries for Home, throw by RF and OUT! 9-2
|
| Top of the 3rd over - 2 runs, 4 hits, 0 errors, 1 left on base; Minnesota 2 - Detroit 2 |
| BOTTOM OF THE 3RD |
|
Detroit Tigers batting - Pitching for Minnesota Twins : LHP Neal Chauveau
|
|
Now at 1B: Kevin Howard
|
|
|
Batting: RHB Jim Zucco
|
0-0: Ball 1-0: Ball 2-0: Ball 3-0: Base on Balls
|
|
Batting: RHB Greg Harman
|
0-0: Called Strike 0-1: Foul Ball, location: 2F 0-2: Foul Ball, location: 2F 0-2: Reaches on Catchers interference Jim Zucco to second
|
|
Batting: RHB Victor Quinones
|
0-0: Fly out, F8 (Flyball, 8LD, EV 85.6 MPH) Runner from 2nd tags up, SAFE at 3rd with throw by CF
|
|
Batting: RHB Ryan Neal
|
0-0: Ground out U3 (Groundball, 34, EV 104.4 MPH) Jim Zucco scores Greg Harman to second
|
|
Batting: LHB Tyler Davis
|
0-0: Swinging Strike 0-1: Swinging Strike 0-2: Foul Ball, location: 2F 0-2: Ball 1-2: Ball Wild Pitch! Greg Harman to third 2-2: DOUBLE (Line Drive, 89D, EV 105.0 MPH) Greg Harman scores
|
|
Batting: RHB Luke Feeney
|
0-0: Foul Ball, location: 2F 0-1: Foul Ball, location: 2F 0-2: Foul Ball, location: 2F 0-2: Fly out, F8 (Line Drive, 8LM, EV 88.8 MPH)
|
| Bottom of the 3rd over - 2 runs, 1 hit, 1 error, 1 left on base; Minnesota 2 - Detroit 4 |
| TOP OF THE 4TH |
|
Minnesota Twins batting - Pitching for Detroit Tigers : LHP Adrian Hamilton
|
|
Batting: RHB Matthew Starr
|
0-0: Foul Ball, location: 2F 0-1: Ball 1-1: Ball 2-1: Ball 3-1: Base on Balls
|
|
Batting: LHB Willis Robles
|
0-0: Called Strike 0-1: Fielders Choice at 2nd, 1-6 (Groundball, 34S, EV 70.0 MPH)
|
|
Batting: RHB Danny Eberhart
|
0-0: Called Strike Willis Robles steals 2nd base 0-1: Ball 1-1: Ground out 6-3 (Groundball, 6D, EV 91.2 MPH) Willis Robles to third
|
|
Batting: RHB Mike Quackenbush
|
0-0: Called Strike 0-1: Called Strike 0-2: Ball 1-2: Ball 2-2: Strikes out swinging
|
| Top of the 4th over - 0 runs, 0 hits, 0 errors, 1 left on base; Minnesota 2 - Detroit 4 |
| BOTTOM OF THE 4TH |
|
Detroit Tigers batting - Pitching for Minnesota Twins : LHP Neal Chauveau
|
|
Batting: LHB Brad Turner
|
0-0: Ball 1-0: Ground out 6-3 (Groundball, 6, EV 111.2 MPH)
|
|
Batting: RHB Adrian Novakovic
|
0-0: SINGLE (Groundball, 25, EV 65.6 MPH) (infield hit)
|
|
Batting: RHB Dave Reynolds
|
0-0: Ball 1-0: Swinging Strike 1-1: Ball 2-1: Called Strike 2-2: Strikes out looking
|
|
Batting: RHB Jim Zucco
|
0-0: Called Strike 0-1: Fly out, F9 (Flyball, 9D, EV 100.6 MPH)
|
| Bottom of the 4th over - 0 runs, 1 hit, 0 errors, 1 left on base; Minnesota 2 - Detroit 4 |
| TOP OF THE 5TH |
|
Minnesota Twins batting - Pitching for Detroit Tigers : LHP Adrian Hamilton
|
|
Batting: LHB Alejandro Soriano
|
0-0: Ball 1-0: Called Strike 1-1: Ball 2-1: Foul Ball, location: 2F 2-2: Strikes out swinging
|
|
Batting: RHB Doug Lane
|
0-0: Hit by Pitch
|
|
Batting: RHB Kevin Howard
|
0-0: Called Strike 0-1: Foul Ball, location: 2F 0-2: Strikes out swinging
|
|
Batting: RHB Danny Anderson
|
0-0: Fielders Choice at 2nd, 6-4 (Groundball, 6, EV 84.4 MPH)
|
| Top of the 5th over - 0 runs, 0 hits, 0 errors, 1 left on base; Minnesota 2 - Detroit 4 |
| BOTTOM OF THE 5TH |
|
Detroit Tigers batting - Pitching for Minnesota Twins : LHP Neal Chauveau
|
|
Batting: RHB Greg Harman
|
0-0: Swinging Strike 0-1: Foul Ball, location: 2F 0-2: Ball 1-2: Strikes out swinging
|
|
Batting: RHB Victor Quinones
|
0-0: Ground out 6-3 (Groundball, 6S, EV 68.8 MPH)
|
|
Batting: RHB Ryan Neal
|
0-0: Ball 1-0: Ball 2-0: Fly out, F8 (Flyball, 8LD, EV 107.5 MPH)
|
| Bottom of the 5th over - 0 runs, 0 hits, 0 errors, 0 left on base; Minnesota 2 - Detroit 4 |
| TOP OF THE 6TH |
|
Minnesota Twins batting - Pitching for Detroit Tigers : LHP Adrian Hamilton
|
|
Batting: RHB Hildo Pot
|
0-0: Ball 1-0: Ball 2-0: Called Strike 2-1: Ball 3-1: Base on Balls
|
|
Batting: RHB Matthew Starr
|
0-0: Called Strike 0-1: Swinging Strike 0-2: Ball 1-2: Foul Ball, location: 2F 1-2: Grounds into double play, 6-4-3 (Groundball, 6M, EV 106.9 MPH)
|
|
Batting: LHB Willis Robles
|
0-0: Ball 1-0: Ball 2-0: Ball 3-0: Called Strike 3-1: Called Strike 3-2: Foul Ball, location: 2F 3-2: Strikes out swinging
|
| Top of the 6th over - 0 runs, 0 hits, 0 errors, 0 left on base; Minnesota 2 - Detroit 4 |
| BOTTOM OF THE 6TH |
|
Detroit Tigers batting - Pitching for Minnesota Twins : LHP Neal Chauveau
|
|
Batting: LHB Tyler Davis
|
0-0: Ball 1-0: Called Strike 1-1: Ball 2-1: Ground out U3 (Groundball, 3S, EV 86.9 MPH)
|
|
Batting: RHB Luke Feeney
|
0-0: Called Strike 0-1: Foul Ball, location: 2F 0-2: Foul Ball, location: 2F 0-2: Ball 1-2: Ball 2-2: Strikes out swinging
|
|
Batting: LHB Brad Turner
|
0-0: Called Strike 0-1: Fly out, F6 (Line Drive, 6, EV 66.9 MPH)
|
| Bottom of the 6th over - 0 runs, 0 hits, 0 errors, 0 left on base; Minnesota 2 - Detroit 4 |
| TOP OF THE 7TH |
|
Minnesota Twins batting - Pitching for Detroit Tigers : LHP Adrian Hamilton
|
|
Batting: RHB Danny Eberhart
|
0-0: Ground out 6-3 (Groundball, 6, EV 80.6 MPH)
|
|
Batting: RHB Mike Quackenbush
|
0-0: Ball 1-0: DOUBLE (Groundball, 5L, EV 98.8 MPH)
|
|
Batting: LHB Alejandro Soriano
|
0-0: Called Strike 0-1: Ball 1-1: Foul Ball, location: 2F 1-2: Ground out 4-3 (Groundball, 4, EV 92.5 MPH) Mike Quackenbush to third
|
|
Batting: RHB Doug Lane
|
0-0: Called Strike Steal of home, Mike Quackenbush is safe 0-1: Foul Ball, location: 2F 0-2: Foul Ball, location: 2F 0-2: Fly out, F9 (Flyball, 9S, EV 84.4 MPH)
|
| Top of the 7th over - 1 run, 1 hit, 0 errors, 0 left on base; Minnesota 3 - Detroit 4 |
| BOTTOM OF THE 7TH |
|
Detroit Tigers batting - Pitching for Minnesota Twins : LHP Neal Chauveau
|
|
Batting: RHB Adrian Novakovic
|
0-0: Ball 1-0: Ground out 1-3 (Groundball, 13S, EV 65.0 MPH)
|
|
Batting: RHB Dave Reynolds
|
0-0: Called Strike 0-1: Swinging Strike 0-2: Ball 1-2: DOUBLE (Line Drive, 7LM, EV 108.1 MPH)
|
|
Batting: RHB Jim Zucco
|
0-0: Foul Ball, location: 2F 0-1: Foul Ball, location: 2F 0-2: Ball 1-2: Strikes out swinging
|
|
Batting: RHB Greg Harman
|
0-0: Swinging Strike 0-1: Foul Ball, location: 2F 0-2: Ball 1-2: Foul Ball, location: 2F 1-2: Ball 2-2: Ball 3-2: Foul Ball, location: 2F 3-2: Ground out 4-3 (Groundball, 4, EV 108.8 MPH)
|
| Bottom of the 7th over - 0 runs, 1 hit, 0 errors, 1 left on base; Minnesota 3 - Detroit 4 |
| TOP OF THE 8TH |
|
Minnesota Twins batting - Pitching for Detroit Tigers : LHP Adrian Hamilton
|
|
Batting: RHB Kevin Howard
|
0-0: Ball 1-0: Swinging Strike 1-1: Ball 2-1: Ball 3-1: Called Strike 3-2: Base on Balls
|
|
Pitching: RHP Wayne McAllister
|
|
|
Batting: RHB Danny Anderson
|
0-0: Ball 1-0: Ball 2-0: Called Strike 2-1: Swinging Strike 2-2: Strikes out swinging
|
|
Batting: RHB Hildo Pot
|
0-0: Foul Ball, location: 2F 0-1: 2-RUN HOME RUN (Flyball, 89XD, EV 110.0 MPH), Distance : 428 ft
|
|
Batting: RHB Matthew Starr
|
0-0: Called Strike 0-1: Ground out 5-3 (Groundball, 5, EV 89.4 MPH)
|
|
Batting: LHB Willis Robles
|
0-0: Called Strike 0-1: Foul Ball, location: 2F 0-2: Fly out, F7 (Flyball, 7, EV 92.5 MPH)
|
| Top of the 8th over - 2 runs, 1 hit, 0 errors, 0 left on base; Minnesota 5 - Detroit 4 |
| BOTTOM OF THE 8TH |
|
Detroit Tigers batting - Pitching for Minnesota Twins : LHP Neal Chauveau
|
|
Pitching: LHP Adam Wood
|
|
|
Batting: RHB Victor Quinones
|
0-0: Ground out 4-3 (Groundball, 34, EV 101.9 MPH)
|
|
Batting: RHB Ryan Neal
|
0-0: Ball 1-0: Called Strike 1-1: Ball 2-1: Ground out 5-3 (Groundball, 56, EV 105.6 MPH)
|
|
Batting: LHB Tyler Davis
|
0-0: Called Strike 0-1: Called Strike 0-2: Foul Ball, location: 2F 0-2: Strikes out swinging
|
| Bottom of the 8th over - 0 runs, 0 hits, 0 errors, 0 left on base; Minnesota 5 - Detroit 4 |
| TOP OF THE 9TH |
|
Minnesota Twins batting - Pitching for Detroit Tigers : RHP Wayne McAllister
|
|
Batting: RHB Danny Eberhart
|
0-0: Ball 1-0: Foul Ball, location: 2F 1-1: Foul Ball, location: 2F 1-2: Ball 2-2: Strikes out swinging
|
|
Batting: RHB Mike Quackenbush
|
0-0: Ground out 6-3 (Groundball, 56, EV 82.5 MPH)
|
|
Batting: LHB Alejandro Soriano
|
0-0: Ball 1-0: Ball 2-0: Ball 3-0: Base on Balls
|
|
Batting: RHB Doug Lane
|
0-0: Called Strike 0-1: Swinging Strike 0-2: Strikes out looking
|
| Top of the 9th over - 0 runs, 0 hits, 0 errors, 1 left on base; Minnesota 5 - Detroit 4 |
| BOTTOM OF THE 9TH |
|
Detroit Tigers batting - Pitching for Minnesota Twins : LHP Adam Wood
|
|
Pitching: RHP David Silva
|
|
|
Batting: RHB Luke Feeney
|
0-0: Foul Ball, location: 2F 0-1: Ground out 6-3 (Groundball, 6S, EV 77.5 MPH)
|
|
Batting: LHB Brad Turner
|
0-0: Foul Ball, location: 2F 0-1: Fly out, F8 (Line Drive, 8LD, EV 88.8 MPH)
|
|
Batting: RHB Adrian Novakovic
|
0-0: Ball 1-0: SINGLE (Groundball, 56D, EV 94.4 MPH)
|
|
Batting: RHB Dave Reynolds
|
0-0: Called Strike 0-1: Called Strike 0-2: Strikes out looking
|
| Bottom of the 9th over - 0 runs, 1 hit, 0 errors, 1 left on base; Minnesota 5 - Detroit 4 |
|